 Dungeon Crawl Stone Soup version 0.31-a0-1206-g41278d8d1d (webtiles) character file.

Game seed: 3241991571802292811

7427 IdlyInterested the Fighter (level 10, -4/90 (91) HPs)
             Began as a Demonspawn Fighter on Dec 13, 2023.
             Slain by a two-headed ogre
             ... wielding a +0 giant club
              (10 damage)
             ... on level 9 of the Dungeon.
             The game lasted 00:36:19 (11401 turns).

IdlyInterested the Fighter (Demonspawn Fighter)    Turns: 11401, Time: 00:36:20

HP:   -4/90 (91)    AC: 14    Str: 14    XL:     10   Next: 93%
MP:   10/10         EV: 17    Int: 10    God:
Gold: 423           SH:  6    Dex: 16    Spells: 9/9 levels left

rFire   + + .        j - +1 short sword (speed)
rCold   + . .        b - +0 buckler
rNeg    + . .        k - +2 ring mail {rF+}
rPois   +            l - +2 hat
rElec   .            s - +0 cloak
rCorr   .            (no gloves)
SInv    .            (no boots)
Will    .....        z - amulet of Zaxuv {Faith Rampage rC+ rN+}
Stlth   +            B - ring of protection from fire
HPRegen 0.35/turn    L - +5 ring of evasion
MPRegen 0.12/turn

%: clarity, rampage, faith
@: marked, lightly drained
A: molten scales 2, foul stench 3, weakness stinger 2, antennae 1, clarity,
poison resistance, weak 1
a: no special abilities


You were on level 9 of the Dungeon.
You visited 2 branches of the dungeon, and saw 10 of its levels.
You also visited: Bailey.

You collected 834 gold pieces.
You spent 411 gold pieces at shops.

Inventory:

Hand Weapons
 j - a +1 short sword of speed (weapon)
 E - the +1 rapier of the Wraith {venom, *Rage rPois Int+3}
   (You found it on level 8 of the Dungeon)

   Int+3:     It affects your intelligence (+3).
   rPois:     It protects you from poison *Rage: It berserks you when you make
   melee attacks (+20% chance).
 I - a +3 trident
 J - a +0 war axe of flaming
Missiles
 o - 4 javelins
 u - 6 curare-tipped darts
 v - 17 boomerangs
 w - 12 stones (quivered)
 F - 10 poisoned darts
Armour
 b - a +0 buckler (worn)
 k - a +2 ring mail of fire resistance (worn)
 l - a +2 hat (worn)
 s - a +0 cloak (worn)
 P - +0 acid dragon scales
 Y - a +2 chain mail of poison resistance
Magical Staves
 R - the staff of Lugonu's Regard {*Corrode rC+ Int+3 Earth}
   (You found it in a bailey)

   [staff of earth]

   Base accuracy: +5 Base damage: 5 Base attack delay: 1.2 This weapon's minimum
   attack delay (0.6) is reached at skill level 12.
   Int+3:     It affects your intelligence (+3).
   rC+:       It protects you from cold.
   *Corrode:  It may corrode you when you take damage.
   Earth:     It increases the power of your Earth spells.
   It falls into the 'Staves' category.
   It is a one-handed weapon.
Jewellery
 y - a ring of positive energy
 z - the amulet of Zaxuv (around neck) {Faith Rampage rC+ rN+}
   (You found it on level 8 of the Dungeon)

   [amulet of faith]

   Faith:     It allows you to gain divine favour quickly.
   rC+:       It protects you from cold.
   rN+:       It protects you from negative energy.
   Rampage:   It bestows one free step when moving towards enemies.
 B - a ring of protection from fire (left hand)
 C - a ring of wizardry
 L - a +5 ring of evasion (right hand)
 T - a ring of resist corrosion
Wands
 a - a wand of flame (17)
 G - a wand of polymorph (9)
 W - a wand of charming (9)
Scrolls
 g - 3 scrolls of immolation
 m - a scroll of revelation
 n - 2 scrolls of torment
 p - 2 scrolls of enchant armour
 q - 5 scrolls of teleportation
 x - 2 scrolls of silence
 D - a scroll of brand weapon
 H - 2 scrolls of blinking
 K - a scroll of acquirement {unknown}
 M - 2 scrolls of fog
 O - a scroll of butterflies {unknown}
Potions
 c - 2 potions of might
 d - a potion of brilliance
 e - 2 potions of lignification
 f - a potion of mutation
 h - 4 potions of enlightenment
 i - a potion of ambrosia {unknown}
 r - 5 potions of haste
 t - 2 potions of curing
 A - a potion of invisibility {unknown}
 N - a potion of attraction
 Q - a potion of experience
 S - a potion of resistance {unknown}
 U - a potion of magic
 V - a potion of heal wounds
 X - a potion of degeneration {unknown}


   Skills:
 + Level 12.7 Fighting
 - Level 4.0 Throwing
 - Level 4.0 Armour
 - Level 4.0 Dodging
 - Level 8.0 Shields
 - Level 1.7 Unarmed Combat
 + Level 3.4 Evocations


You had 9 spell levels left.
You didn't know any spells.
Your spell library contained the following spells:

 Spells                   Type           Power      Damage    Failure   Level
 Magic Dart               Conj           0%         1d3       67%         1
 Searing Ray              Conj           0%         2d4       80%         2
 Fulminant Prism          Conj/Hex       0%         3d5       100%        4
 Summon Ice Beast         Ice/Summ       0%         N/A       100%        4
 Vhi's Electric Charge    Tloc/Air       0%         N/A       100%        4
 Arcjolt                  Conj/Air       0%         1d10      100%        5
 Summon Mana Viper        Hex/Summ       0%         N/A       100%        5
 Conjure Ball Lightning   Conj/Air       0%         3x3d6     100%        6
 Plasma Beam              Fire/Air       0%         2x1d10    100%        6
 Monstrous Menagerie      Summ           0%         N/A       100%        7
 Discord                  Hex            0%         N/A       100%        8
 Disjunction              Tloc           0%         N/A       100%        8


Dungeon Overview and Level Annotations

Branches:
Dungeon (9/15)             Temple (1/1) D:5          Bailey (visited)
   Lair: D:8-11         Orc: D:9-12

Altars:
Ashenzari
Cheibriados
Dithmenos
Fedhas
Gozag
Hepliaklqana
Kikubaaqudgha
Makhleb
Nemelex Xobeh
Okawaru
Qazlal
Ru
Sif Muna
Trog
Uskayaw
Vehumet
Wu Jian
Xom
Yredelemnul

Shops:
D:3 *

Annotations:
D:9 Harold


Innate Abilities, Weirdness & Mutations

You are mostly covered in molten scales. (AC +3)
You frequently emit foul miasma when damaged in melee.
You have a tail ending in a sharp stinger.
You have a pair of small antennae on your head.
You possess an exceptional clarity of mind.
Your system is resistant to poisons. (rPois)
You are weak. (Str -2)


Message History

You hit the two-headed ogre but do no damage.
The two-headed ogre is moderately wounded.
The two-headed ogre closely misses you.
The two-headed ogre hits you with a +0 giant club.
Harold closely misses you.
Throw: 5 javelins
Press: ? - help, Shift-Dir - straight line, f - Harold
Aim: Harold, wielding a +0 halberd, wearing a +0 ring mail and quivering a throwing net (76% to hit)
You throw a javelin.
The javelin pierces through the two-headed ogre!
The two-headed ogre is moderately wounded.
The javelin pierces through Harold!
Harold is moderately wounded.
The two-headed ogre closely misses you.
The two-headed ogre hits you with a +0 giant club!
You emit a cloud of foul miasma!
You hit the two-headed ogre.
The two-headed ogre is moderately wounded.
Harold looks eager to get this over with.
Harold hits you from afar with a +0 halberd!
The two-headed ogre is engulfed in dark miasma.
The two-headed ogre is poisoned.
The two-headed ogre attacks as it pursues you!
The two-headed ogre completely misses you.
You block the two-headed ogre's attack.
You hit the two-headed ogre.
The two-headed ogre is heavily wounded.
You hit the two-headed ogre but do no damage.
You tail-slap the two-headed ogre, but do no damage.
The two-headed ogre is heavily wounded.
The two-headed ogre hits you with a +0 giant club!!
* * * LOW HITPOINT WARNING * * *
The two-headed ogre barely misses you.
You hit the two-headed ogre.
Your tail-slap misses the two-headed ogre.
The two-headed ogre is heavily wounded.
You hit the two-headed ogre.
The two-headed ogre is heavily wounded.
The two-headed ogre hits you with a +0 giant club!
You die...

# #.# #.# # #.# #.# # #.#
#.# # #.# #.#
########.#####.#######
.).................... ..
#>#####.########.#######..#
#.# #.# #.# ....§.§. #.#
#.# #@##.§≈≈§§≈≈ #.# #.#
#O##.≈§§§§§. #.# #.#
#☼##.≈.§≈≈≈≈
#.#####.########@##.§.§...≈
..).............(...≈@≈._.≈
..........########.§§.≈...≈
..........# ##(§..≈≈≈≈
........<.# #.≈§.....
..........# #..≈≈≈§§≈


You could see Harold and a two-headed ogre (poisoned).

Vanquished Creatures
  An orc warlord (Bailey)
  Maggie (D:9)
  A kobold demonologist (D:9)
  A troll (D:9)
  2 hornets (D:9)
  A shadow (D:8)
  5 yaks (D:9)
  A steam dragon (D:6)
  12 orc warriors
  2 ice beasts
  A black bear (D:4)
  3 sky beasts (D:7)
  2 ogres
  4 centaurs
  A phantom (D:4)
  3 bullfrogs
  A kobold brigand (D:6)
  13 wights
  2 scorpions
  4 killer bees (D:9)
  The ghost of SheepSpotted the Ruffian, a weakling DrSh (D:4)
  3 howler monkeys
  A hound (D:6)
  7 orc priests
  A gnoll bouda (D:5)
  3 jellies
  3 bullfrog skeletons (D:4)
  An iguana (D:6)
  5 orc wizards
  8 gnolls
  5 adders
  2 white imps
  An ufetubus (D:6)
  3 worms
  6 dart slugs
  37 orcs
  9 ball pythons
  6 endoplasms
  6 giant cockroaches
  18 goblins
  11 hobgoblins
  3 jackals (D:1)
  6 quokkas
  5 bats
  A frilled lizard (D:2)
  12 kobolds
  6 rats
231 creatures vanquished.

Vanquished Creatures (others)
  An ufetubus (D:6)
1 creature vanquished.

Grand Total: 232 creatures vanquished

Notes
Turn   | Place    | Note
-------+----------+-------------------------------------------
     0 | D:1      | IdlyInterested the Demonspawn Fighter began the quest for
                  | the Orb.
     0 | D:1      | Reached XP level 1. HP: 18/18 MP: 1/1
   417 | D:1      | Gained mutation: You may rarely emit foul miasma when
                  | damaged in melee. [demonic ancestry]
   417 | D:1      | Reached XP level 2. HP: 19/24 MP: 2/2
   838 | D:1      | Reached skill level 1 in Dodging
  1220 | D:2      | Gained mutation: You are partially covered in molten
                  | scales. (AC +2) [demonic ancestry]
  1220 | D:2      | Reached XP level 3. HP: 29/29 MP: 3/3
  1683 | D:2      | Gained mutation: You have a small tail. [demonic ancestry]
  1683 | D:2      | Reached XP level 4. HP: 35/37 MP: 4/4
  1952 | D:3      | Found a faded altar of an unknown god.
  2322 | D:3      | Reached skill level 4 in Fighting
  2388 | D:3      | Found Jedijul's General Store.
  2572 | D:3      | Bought 6 curare-tipped darts for 93 gold pieces
  2572 | D:3      | Bought a potion of heal wounds for 65 gold pieces
  2572 | D:3      | Bought 5 stones for 6 gold pieces
  2652 | D:4      | Noticed a scorpion
  2654 | D:4      | Noticed a black bear
  2678 | D:4      | Killed a black bear
  2679 | D:4      | Reached skill level 5 in Fighting
  2679 | D:4      | Reached XP level 5. HP: 38/44 MP: 5/5
  2698 | D:4      | Reached skill level 1 in Throwing
  2698 | D:4      | Reached XP level 6. HP: 37/51 MP: 6/6
  2719 | D:4      | Found a stormy altar of Qazlal.
  2805 | D:4      | Found a hazy altar of Hepliaklqana.
  2805 | D:4      | Found a radiant altar of Vehumet.
  2806 | D:4      | Found a bloodstained altar of Trog.
  3161 | D:4      | Found a transporter.
  3188 | D:4      | Found a transporter.
  3191 | D:4      | Noticed SheepSpotted's ghost (weakling DrSh)
  3433 | D:4      | Gained mutation: You sometimes emit foul miasma when
                  | damaged in melee. [demonic ancestry]
  3433 | D:4      | Reached XP level 7. HP: 50/57 MP: 7/7
  3459 | D:4      | Killed SheepSpotted's ghost
  3460 | D:4      | Reached skill level 1 in Evocations
  3537 | D:5      | Entered Level 5 of the Dungeon
  3692 | D:5      | Reached skill level 6 in Fighting
  4272 | D:5      | Found a staircase to the Ecumenical Temple.
  4278 | Temple   | Entered the Ecumenical Temple
  4746 | D:3      | Bought 2 potions of might for 104 gold pieces
  4746 | D:3      | Bought a scroll of teleportation for 39 gold pieces
  4820 | D:6      | Noticed a steam dragon
  4823 | D:6      | Gained mutation: You frequently emit foul miasma when
                  | damaged in melee. [demonic ancestry]
  4823 | D:6      | Reached XP level 8. HP: 25/65 MP: 8/8
  4850 | D:6      | Reached skill level 7 in Fighting
  5856 | D:7      | Found a flagged portal.
  5916 | D:7      | Reached skill level 8 in Fighting
  5956 | Bailey   | Entered a bailey
  6322 | Bailey   | Gained mutation: You are mostly covered in molten scales.
                  | (AC +3) [demonic ancestry]
  6322 | Bailey   | Reached XP level 9. HP: 64/75 MP: 9/9
  6343 | Bailey   | Reached skill level 9 in Fighting
  6476 | Bailey   | Reached skill level 5 in Shields
  6697 | Bailey   | Noticed an orc warlord
  6716 | Bailey   | Killed an orc warlord
  6717 | Bailey   | Reached skill level 10 in Fighting
  6791 | Bailey   | Identified the staff of Lugonu's Regard {*Corrode rC+ Int+3
                  | Earth}
  7100 | D:7      | Gained mutation: You are weak. (Str -2) [potion of
                  | mutation]
  7100 | D:7      | Gained mutation: You have a pair of small antennae on your
                  | head. [potion of mutation]
  7100 | D:7      | Gained mutation: Your system is resistant to poisons.
                  | (rPois) [potion of mutation]
  7100 | D:7      | Gained mutation: You possess an exceptional clarity of
                  | mind. [potion of mutation]
  8199 | D:3      | Bought a potion of magic for 104 gold pieces
  8442 | D:8      | Reached skill level 11 in Fighting
  8442 | D:8      | Gained mutation: You have a tail ending in a sharp stinger.
                  | [demonic ancestry]
  8442 | D:8      | Reached XP level 10. HP: 31/87 MP: 10/10
  9376 | D:8      | Identified the +1 rapier of the Wraith {venom, *Rage rPois
                  | Int+3}
  9597 | D:8      | Identified the amulet of Zaxuv {Faith Rampage rC+ rN+}
  9717 | D:9      | Noticed a sixfirhy
 10201 | D:9      | Reached skill level 12 in Fighting
 10823 | D:9      | Noticed Maggie
 10856 | D:9      | Killed Maggie
 11369 | D:9      | Noticed Harold
 11370 | D:9      | Noticed a two-headed ogre
 11401 | D:9      | Slain by a two-headed ogre

Illustrated notes

Levels and vault maps discovered:
D:1:      tarquinn_simple_flora_water_d, layout_loops_ring, hex_medium,
          kennysheep_doodads
D:2:      layout_basic, nrook_mini_backslash
D:3:      layout_basic, ebering_ecumenical_altar_abandoned, serial_shops,
          nicolae_shop_hallway_plus
D:4:      layout_rooms, chequers_temple_overflow_statue_of_worship,
          gammafunk_ghost_mausoleum, kennysheep_another_room, amethyst_killhole
D:5:      layout_loops_cross, minmay_temple_entry_enclosed_plants
D:6:      layout_rooms, roderic_lattice_a
D:7:      layout_layer_cave, enter_bailey_8
D:8:      layout_basic, abandoned_shop, hangedman_decor_lopped
D:9:      layout_small_grid, mainiacjoe_overflow_concentric_impassable,
          uniq_maggie, uniq_harold
Temple:   minmay_temple_bridge_d

Skill      XL: |  1  2  3  4  5  6  7  8  9 10 |
---------------+-------------------------------+-----
Armour         | 3 4 |  4.0
Dodging        | 1 2 3 4 |  4.0
Fighting       | 5 6 8 11 12 | 12.7
Shields        | 3 4 6 8 |  8.0
Throwing       | 1 3 4 |  4.0
Evocations     | 3 |  3.4
Unarmed Combat | |  1.7

Action                     |  1- 3 |  4- 6 |  7- 9 | 10-12 || total
---------------------------+-------+-------+-------+-------++-------
  Melee: Unarmed           |    47 |       |       |       ||    47
         Short sword       |   151 |   257 |   621 |   567 ||  1596
         Tailslap          |       |    34 |   105 |   107 ||   246
  Throw: Stone             |       |     5 |    41 |    23 ||    69
         Javelin           |       |       |     3 |     1 ||     4
         Dart              |       |       |     2 |     1 ||     3
    Use: Scroll            |       |     3 |     6 |     1 ||    10
         Potion            |       |     3 |     8 |     3 ||    14
 Armour: Scale mail        |    29 |       |       |       ||    29
         Ring mail         |    52 |   104 |   251 |    73 ||   480
         Chain mail        |       |       |       |   137 ||   137
  Dodge: Dodged            |    66 |    94 |   254 |   236 ||   650
  Block: Buckler           |    33 |    39 |   115 |   125 ||   312

Table legend: (Time is in decaauts)
 A = Elapsed time spent in this place.
 B = Non-inter-level travel time spent in this place.
 C = Inter-level travel time spent in this place.
 D = Time resting spent in this place.
 E = Time spent auto-exploring this place.
 F = Levels seen in this place.
 G = Mean time per level.
                   A        B        C        D        E       F      G
               +--------+--------+--------+--------+--------+-----+--------+
         Total |  10913 |  10076 |    837 |   2414 |   4783 |  11 |  992.1 |
       Dungeon |  10032 |   9195 |    837 |   1997 |   4783 |   9 | 1114.7 |
        Temple |      1 |      1 |      0 |      0 |      0 |   1 |    1.0 |
        Bailey |    878 |    878 |      0 |    417 |      0 |   1 |  878.0 |
               +--------+--------+--------+--------+--------+-----+--------+

Top non-repeatable levels by time:
     D:9: 1567 daAuts
     D:7: 1383 daAuts
     D:8: 1252 daAuts
     D:5: 1211 daAuts
     D:1: 1186 daAuts
     D:6: 1060 daAuts
     D:4: 962 daAuts
  Bailey: 878 daAuts
     D:3: 738 daAuts
     D:2: 669 daAuts
  Temple: 1 daAuts
